 Dungeon Crawl Stone Soup version 0.16-a0-1301-gf74d490 (webtiles) character file.

71 Deemzul the Insei (level 4, -8/42 HPs)
             Began as a Deep Dwarf Monk on Oct 15, 2014.
             Mangled by an ogre
             ... wielding a +0 giant spiked club
              (29 damage)
             ... on level 3 of the Dungeon.
             The game lasted 00:05:03 (1755 turns).

Deemzul the Insei (Deep Dwarf Monk)                 Turns: 1755, Time: 00:05:04

Health: -8/42      AC:  9    Str: 14    XL:     4   Next: 5%
Magic:  4/4        EV:  5    Int: 11    God:
Gold:   52         SH:  0    Dex: 16    Spells: 0 memorised, 3 levels left

rFire  . . .     SeeInvis .       - Unarmed
rCold  . . .     Clarity  .     j - +0 chain mail
rNeg   . . .     SustAb   .     (no shield)
rPois  .         Gourm    .     k - +0 helmet
rElec  .         Spirit   .     (no cloak)
rCorr  .         Warding  .     (no gloves)
rMut   .         Stasis   .     (no boots)
MR     .....                    (no amulet)
Stlth  ..........               (no ring)
                                d - ring of stealth

@: non-regenerating, not resistant to hostile enchantments, extremely unstealthy
A: damage resistance, recharge devices, sense surroundings 1, slow healing 3
a: Device Recharging


You were on level 3 of the Dungeon.
You were not hungry.

You visited 1 branch of the dungeon, and saw 3 of its levels.

You collected 52 gold pieces.

Inventory:

Hand weapons
 m - a cursed -3 falchion
Missiles
 n - 30 stones (quivered)
Armour
 j - a +0 chain mail (worn)
 k - a +0 helmet (worn)
Jewellery
 d - a ring of stealth (left hand)
Magical devices
 b - a wand of heal wounds (3)
Scrolls
 e - 2 scrolls of enchant weapon {unknown}
 g - a scroll of recharging {unknown}
 h - a scroll of amnesia {unknown}
 i - a scroll of teleportation {unknown}
Potions
 a - a potion of agility
Comestibles
 c - a bread ration
 f - a meat ration
 l - a royal jelly


   Skills:
 + Level 3.1 Fighting
 + Level 3.7 Dodging
 - Level 3.2 Stealth
 * Level 4.3 Unarmed Combat


You had 3 spell levels left.
You didn't know any spells.

Dungeon Overview and Level Annotations

Branches:
Dungeon (3/15)

Altars:
Nemelex Xobeh
Trog
Yredelemnul
The Shining One


Innate Abilities, Weirdness & Mutations

You are resistant to damage.
You can recharge devices by infusing magical energy.
You passively map a small area around you.
You do not heal naturally.


Message History

You continue taking off your +0 robe. x3
You finish taking off your +0 robe.
You start putting on your armour.
You continue putting on your chain mail. x5
You finish putting on your +0 chain mail.
Unknown command.
Drop what? (_ for help) (? for menu, Esc to quit)
You drop a +0 robe.
Key pressed, stopping explore.
No target in view!
a - a potion of agility No target in view!
The ogre shouts!
The ogre is too close now for your liking.
An ogre is nearby!
You hit the ogre.
The ogre is lightly wounded.
The ogre hits you with a giant spiked club!!
Ouch! That really hurt!
You die...

###########
#.........#
#.........# *
#.......!.#
*#....O....# ,
, +...@...<.# *
####.........#
*
##............#
#.....#########
#.....# #.....#
#.#..#..######
..............#
#....#...###.#
*


You could see an ogre.

Vanquished Creatures
  4 adders (D:2)
  A worm (D:2)
  A giant gecko (D:2)
  5 bats
  3 goblins
  4 hobgoblins
  4 jackals (D:1)
  3 kobolds (D:2)
  A giant cockroach (D:1)
  A giant newt (D:2)
  2 rats (D:1)
29 creatures vanquished.

Vanquished Creatures (others)
  A giant newt (D:1)
1 creature vanquished.

Grand Total: 30 creatures vanquished

Notes
Turn   | Place    | Note
--------------------------------------------------------------
     0 | D:1      | Deemzul, the Deep Dwarf Monk, began the quest for the Orb.
     0 | D:1      | Reached XP level 1. HP: 20/20 MP: 1/1
   240 | D:1      | Reached XP level 2. HP: 25/27 MP: 2/2
   332 | D:1      | Found a sparkling altar of Nemelex Xobeh.
   869 | D:2      | Reached skill level 4 in Unarmed Combat
   882 | D:2      | Reached XP level 3. HP: 25/34 MP: 3/3
   893 | D:2      | Found a bloodstained altar of Trog.
  1051 | D:2      | HP: 1/34 [adder (3)]
  1072 | D:2      | Found a glowing golden altar of the Shining One.
  1227 | D:2      | Found a basalt altar of Yredelemnul.
  1228 | D:2      | Noticed a profane servitor
  1236 | D:2      | Found a glowing golden altar of the Shining One.
  1237 | D:2      | Noticed an angel
  1534 | D:3      | Noticed an ogre
  1653 | D:2      | Reached XP level 4. HP: 23/42 MP: 4/4
  1755 | D:3      | Mangled by an ogre

Action                   |  1- 3 |  4- 6 || total
-------------------------+-------+-------++-------
Melee: Unarmed           |   142 |    10 ||   152
Throw: Stone             |    44 |       ||    44
Evoke: Wand              |     2 |       ||     2
  Use: Potion            |     4 |       ||     4
       Scroll            |     1 |       ||     1
 Stab: Sleeping          |     4 |     1 ||     5
  Eat: Chunk             |     2 |     1 ||     3
